 Dungeon Crawl Stone Soup version 0.29.0-13-gc9e81de378 (webtiles) character file.

Game seed: 5387282745268789401

29 styxcanada the Sneak (level 3, -2/18 HPs)
             Began as a Spriggan Brigand on Sept 7, 2022.
             Shot with a sling bullet by a goblin (5 damage)
             ... on level 2 of the Dungeon on Sept 8, 2022.
             The game lasted 00:05:16 (1216 turns).

styxcanada the Sneak (Spriggan Brigand)             Turns: 1216, Time: 00:05:16

Health: -2/18      AC:  3    Str:  7    XL:     3   Next: 1%
Magic:  4/4        EV: 17    Int: 12    God:
Gold:   76         SH:  0    Dex: 18    Spells: 2/2 levels left

rFire   + + .      SeeInvis +   a - +2 dagger
rCold   . . .      Faith    .   (no shield)
rNeg    . . .      Spirit   .   b - +0 robe
rPois   .          Reflect  .   (helmet restricted)
rElec   .          Harm     .   c - +0 cloak
rCorr   .          Rampage  .   (gloves unavailable)
Will    .....                   (boots unavailable)
Stlth   ++++......              (no amulet)
HPRegen 0.06/turn               g - ring of protection from fire
MPRegen 0.09/turn               h - ring of protection from fire

@: very quick
A: very small, no large weapons, unfitting armour, see invisible, speed 3
a: no special abilities


You were on level 2 of the Dungeon.
You visited 1 branch of the dungeon, and saw 2 of its levels.

You collected 76 gold pieces.

Inventory:

Hand Weapons
 a - a +2 dagger (weapon)
Missiles
 d - 8 poisoned darts (quivered)
 e - 3 curare-tipped darts
 f - 20 stones
Armour
 b - a +0 robe (worn)
 c - a +0 cloak (worn)
Jewellery
 g - a ring of protection from fire (left hand)
 h - a ring of protection from fire (right hand)
Scrolls
 l - a scroll of identify {unknown}
Potions
 i - 2 potions of degeneration {unknown}
 j - a potion of resistance {unknown}
 k - 2 potions of curing {unknown}
 m - a potion of invisibility {unknown}


   Skills:
 * Level 1.6 Fighting
 + Level 2.3 Short Blades
 + Level 2.0 Throwing
 * Level 1.7 Dodging
 * Level 7.2 Stealth
 * Level 0.2 Spellcasting


You had 2 spell levels left.
You didn't know any spells.
Your spell library contained the following spells:

 Spells                   Type           Power      Damage    Failure   Level
 Freeze                   Ice            0%         1d3       32%         1
 Conjure Flame            Conj/Fire      0%         6-21      69%         3
 Frozen Ramparts          Ice            0%         1d1       69%         3
 Ignite Poison            Fire/Tmut/Pois 0%         N/A       69%         3
 Hailstorm                Conj/Ice       0%         3d3       97%         4
 Sticky Flame             Conj/Fire      0%         2d3       97%         4


Dungeon Overview and Level Annotations

Branches:
Dungeon (2/15)

Altars:


Innate Abilities, Weirdness & Mutations

You are very small and have problems with some larger weapons.
You are too small for most types of armour.
You have supernaturally acute eyesight. (SInv)
You cover ground extremely quickly. (Speed+++)


Message History

The goblin shouts!
You hit the dart slug.
The dart slug is moderately wounded.
The dart slug closely misses you.
The goblin unwields a +0 club.
The goblin wields a +2 sling of freezing.
It is covered in frost.
The goblin shoots a sling bullet.
The sling bullet barely misses you.
You hit the dart slug.
The dart slug is heavily wounded.
You hit the dart slug.
The dart slug is almost dead.
The goblin shoots a sling bullet.
The sling bullet hits you!
Ouch! That really hurt!
The sling bullet freezes you. The dart slug misses you.
You hit the dart slug but do no damage.
The dart slug is almost dead.
The goblin shoots a sling bullet.
The sling bullet misses you. The dart slug barely misses you.
You hit the dart slug but do no damage.
The dart slug is almost dead.
The goblin shoots a sling bullet.
The sling bullet closely misses you.
You hit the dart slug.
You kill the dart slug!
The goblin shoots a sling bullet.
The sling bullet hits you.
* * * LOW HITPOINT WARNING * * *
The sling bullet freezes you.
* * * LOW HITPOINT WARNING * * *
You have reached level 3!
Your experience leads to an increase in your attributes!
Increase (S)trength, (I)ntelligence, or (D)exterity?
You feel agile. x2
Throw: 9 darts (poison)
Press: ? - help, Q - select action, (/) - cycle Shift-Dir - straight line, f - goblin
Aim: a goblin, wielding a +2 sling of freezing (55% to hit)
You throw a poisoned dart. The poisoned dart hits the goblin.
The goblin is poisoned.
The goblin shoots a sling bullet.
The sling bullet barely misses you.
The goblin shoots a sling bullet.
The sling bullet misses you.
The goblin shoots a sling bullet.
The sling bullet hits you.
You die...

#..#####.###....#.#...........#.
#..# #..###.#....##.........##
#..# #......###............##
#..# #.########.#..#.##..#...
#..####.#######.....#.# ......
#........##.....##....# #...
#...#....##..........#####
#...#....##....###.......#
##.##........).@...)......
#.##....####.####.†g....#
#.##....# #..# #.......#
#.########..## #.......# #.#
#..# #.......# #..# .........
...# #.......# ### #########


You could see a goblin (poisoned).

Vanquished Creatures
  2 dart slugs (D:2)
  2 ball pythons
  A bat (D:1)
  2 endoplasms (D:1)
  A giant cockroach (D:1)
  A hobgoblin (D:1)
  2 kobolds (D:1)
  A quokka (D:1)
  3 frilled lizards (D:1)
  3 goblins
  8 rats
26 creatures vanquished.

Notes
Turn   | Place    | Note
-------+----------+-------------------------------------------
     0 | D:1      | styxcanada the Spriggan Brigand began the quest for the
                  | Orb.
     0 | D:1      | Reached XP level 1. HP: 10/10 MP: 2/2
    33 | D:1      | Reached skill level 6 in Stealth
    48 | D:1      | Found a faded altar of an unknown god.
   341 | D:1      | Reached XP level 2. HP: 14/14 MP: 3/3
   880 | D:1      | Reached skill level 7 in Stealth
  1213 | D:2      | Reached XP level 3. HP: 3/18 MP: 4/4
  1216 | D:2      | Shot with a sling bullet by a goblin

Illustrated notes

Levels and vault maps discovered:
D:1:      lightli_arrival_boilingwater, layout_loops_corners,
          basic_ecumenical_altar, dk_noncrumbling_2
D:2:      layout_rooms, uniq_jessica

Skill      XL: |  1  2 |
---------------+-------+-----
Stealth        | 6 7 |  7.2
Fighting       | |  1.6
Short Blades   | |  2.3
Throwing       | |  2.0
Dodging        | |  1.7
Spellcasting   | |  0.2

Action                   || total
-------------------------++-------
Melee: Dagger            ||    46
Throw: Dart              ||     1
 Stab: Sleeping          ||    15
Armor: Robe              ||     1
Dodge: Dodged            ||    23
